 Dungeon Crawl Stone Soup version 0.30-a0-162-g2ba88f6271 (webtiles) character file.

Game seed: 7496721929894169495

23143 Ijustatesigmund the Fighter (level 13, -37/87 HPs)
             Began as a Gargoyle Fighter on Sept 27, 2022.
             Was an Elder of the Shining One.
             Annihilated by a titanic slime creature (88 damage)
             ... on level 12 of the Dungeon on Sept 28, 2022.
             The game lasted 00:25:17 (14648 turns).

Ijustatesigmund the Fighter (Gargoyle Fighter)     Turns: 14648, Time: 00:25:18

Health: -37/87     AC: 26    Str: 22    XL:     13   Next: 4%
Magic:  21/21      EV: 10    Int: 21    God:    the Shining One [****..]
Gold:   692        SH: 12    Dex:  6    Spells: 12/12 levels left

rFire   + + .      SeeInvis +    f - +5 whip "Lywagh" {freeze, rPois Int+6 Dex-2}
rCold   . . .      Faith    .    c - +2 buckler
rNeg    + + +      Spirit   .    y - +1 ring mail "Vaxupow" {rF+ Will+ Slay+5}
rPois   ∞          Reflect  +    n - +1 helmet
rElec   +          Harm     .    (no cloak)
rCorr   +          Rampage  .    h - +1 pair of gloves
Will    +....                    w - +1 pair of boots
Stlth   ..........               r - amulet of reflection
HPRegen 0.24/turn                e - ring of see invisible
MPRegen 0.17/turn                o - ring of resist corrosion

@: glowing
A: sickness immunity, AC +9, negative energy resistance 1, electricity
resistance, torment resistance 1, petrification resistance, iridescent scales 1,
clever 1, fire resistance 1
a: Renounce Religion, Divine Shield, Cleansing Flame


You were on level 12 of the Dungeon.
You worshipped the Shining One.
The Shining One was greatly pleased with you.
You visited 2 branches of the dungeon, and saw 13 of its levels.

You collected 692 gold pieces.

Inventory:

Hand Weapons
 a - a +2 flail of flaming
 f - the +5 whip "Lywagh" (weapon) {freeze, rPois Int+6 Dex-2}
   (You found it on level 3 of the Dungeon)

   It freezes those it strikes, dealing additional cold damage.
   It can also slow down cold-blooded creatures.
   Int:       It affects your intelligence (+6).
   Dex:       It affects your dexterity (-2).
   rPois:     It protects you from poison.
Armour
 b - a +0 chain mail
 c - a +2 buckler (worn)
 h - a +1 pair of gloves (worn)
 n - a +1 helmet (worn)
 w - a +1 pair of boots (worn)
 y - the +1 ring mail "Vaxupow" (worn) {rF+ Will+ Slay+5}
   (You found it on level 11 of the Dungeon)

   Slay:      It affects your accuracy & damage with ranged weapons and melee
   (+5).
   rF:        It protects you from fire.
   Will:      It increases your willpower.
Jewellery
 d - a ring of wizardry
 e - a ring of see invisible (left hand)
 o - a ring of resist corrosion (right hand)
 q - the ring of Okawaru's Outrage {Ice rPois Int+7 Dex-2 SInv Stlth+}
   (You found it on level 3 of the Dungeon)

   [ring of ice]

   It enhances your ice magic.
   Int:       It affects your intelligence (+7).
   Dex:       It affects your dexterity (-2).
   rF:        It makes you vulnerable to fire.
   rC:        It protects you from cold.
   rPois:     It protects you from poison.
   SInv:      It lets you see invisible.
   Stlth:     It makes you more stealthy.
 r - an amulet of reflection (around neck)
 s - a ring of flight
 x - a ring of wizardry
 C - a ring of fire
 N - a +6 ring of strength
Wands
 u - a wand of flame (23)
 z - a wand of digging (7)
 F - a wand of mindburst (10)
 K - a wand of acid (3)
Scrolls
 g - a scroll of identify
 i - a scroll of summoning
 l - 3 scrolls of fear
 m - 3 scrolls of enchant armour
 t - 2 scrolls of magic mapping
 A - 5 scrolls of teleportation
 B - 4 scrolls of butterflies
 D - 2 scrolls of brand weapon
 G - 2 scrolls of amnesia
 H - a scroll of blinking
 I - 4 scrolls of immolation
 L - a scroll of poison
Potions
 j - 2 potions of mutation
 k - a potion of brilliance
 p - 2 potions of ambrosia
 v - 3 potions of might
 E - 3 potions of curing
 J - a potion of cancellation
 M - a potion of attraction {unknown}


   Skills:
 + Level 12.8 Fighting
 + Level 11.5 Maces & Flails
 + Level 9.0 Armour
 - Level 2.4 Dodging
 - Level 8.4 Shields
 + Level 10.8 Invocations


You had 12 spell levels left.
You didn't know any spells.
Your spell library contained the following spells:

 Spells                   Type           Power      Damage    Failure   Level
 Call Canine Familiar     Summ           0%         N/A       69%         3
 Portal Projectile        Hex/Tloc       0%         N/A       69%         3
 Leda's Liquefaction      Hex/Erth       0%         N/A       97%         4


Dungeon Overview and Level Annotations

Branches:
Dungeon (12/15)            Temple (1/1) D:5            Lair (0/5) D:10
    Orc (0/2) D:9

Altars:
Ashenzari
Cheibriados
Dithmenos
Elyvilon
Fedhas
Gozag
Hepliaklqana
Kikubaaqudgha
Makhleb
Nemelex Xobeh
Okawaru
Qazlal
Ru
Sif Muna
Trog
Uskayaw
Vehumet
Wu Jian
Xom
Yredelemnul
Zin
The Shining One

Shops:
D:2 (   D:9 (

Annotations:
D:3 2 transporters, jehirs's ghost, amateur HOMo
D:5 3 runed translucent doors, Julmuri's ghost, novice GrGl
D:8 1 transporter


Innate Abilities, Weirdness & Mutations

You are immune to sickness and miasma.
Your stone body is resilient. (AC +9)
You are immune to poison.
You resist negative energy. (rN+)
You are resistant to electric shocks. (rElec)
You are resistant to unholy torment.
You are immune to petrification.
You are partially covered in iridescent scales. (AC +2)
Your mind is acute. (Int +4, Str/Dex -1)
Your flesh is heat resistant. (rF+)


Message History

A slime creature comes into view.
You block the enormous slime creature's attack.
You hit the enormous slime creature. You freeze the enormous slime creature.
The enormous slime creature is severely wounded.
You whack the enormous slime creature! You freeze the enormous slime creature!
The enormous slime creature is almost dead.
Two slime creatures merge to form a titanic slime creature.
You whack the titanic slime creature! You freeze the titanic slime creature!
The titanic slime creature is severely wounded.
You whack the titanic slime creature! You freeze the titanic slime creature!
The titanic slime creature is almost dead.
You block the titanic slime creature's attack.
A slime creature comes into view.
You hit the titanic slime creature. You freeze the titanic slime creature.
The titanic slime creature is almost dead.
Aiming: Corrosive Bolt
Press: ? - help, Shift-Dir - straight line, f - titanic slime creature
Aim: a titanic slime creature (almost dead, haloed, 96% to hit)
The bolt of acid hits the titanic slime creature!!
The acid corrodes the titanic slime creature!
The titanic slime creature is almost dead.
The bolt of acid hits the slime creature!
The acid corrodes the slime creature!
The slime creature is moderately wounded.
The titanic slime creature closely misses you.
Aiming: Corrosive Bolt
Press: ? - help, Shift-Dir - straight line, f/p - titanic slime creature
Aim: a titanic slime creature (almost dead, covered in acid, haloed, 96% to hit)
The bolt of acid hits the titanic slime creature!
The titanic slime creature seems to be corroded for longer.
The titanic slime creature is almost dead.
The bolt of acid hits the slime creature!
The slime creature seems to be corroded for longer.
The slime creature is heavily wounded.
The titanic slime creature barely misses you.
You whack the titanic slime creature! You freeze the titanic slime creature.
The titanic slime creature is almost dead.
The titanic slime creature hits you!!!!
Ouch! That really hurt!
You die...

........#.#.##
####.####.#.#
#.# .#.. ##
#.. .# ##. ###
### .# .. #
... ..# #.
#J##.# #.#
#J#.# # ..#
#@/# .# #
#.#.#(# .#
#.##.##.# ##
#.......#
####.#### #.#
#.# ########
#.# #......#
#.#


You could see a titanic slime creature (corroded) and a slime creature
(corroded).

Vanquished Creatures
  4 two-headed ogres
  2 boulder beetles
  3 centaur warriors (D:9)
  A tengu warrior (D:9)
  5 skeletal warriors
  The ghost of rossy the Trooper, a novice GnWn (D:6)
  2 manticores
  2 deep elf pyromancers
  A cyclops (D:9)
  A gargoyle (D:12)
  An unseen horror (D:10)
  A komodo dragon (D:10)
  Maggie (D:6)
  An efreet (D:12)
  5 trolls
  Prince Ribbit (D:6)
  Eustachio (D:5)
  2 shadows
  A wyvern (D:7)
  A vampire (D:12)
  A basilisk (D:9)
  A wraith (D:12)
  18 yaks
  4 steam dragons
  2 vampire mosquitoes (D:12)
  2 acid dragons
  3 wargs (D:9)
  7 orc warriors
  3 ice beasts
  2 black bears
  2 sky beasts (D:7)
  An ogre (D:5)
  3 centaurs
  A phantom (D:5)
  A kobold brigand (D:6)
  6 bullfrogs
  4 scorpions
  A necrophage (D:5)
  A gnoll sergeant (D:9)
  13 wights
  12 killer bees
  2 electric eels (D:11)
  2 howler monkeys (D:5)
  7 orc priests
  A gnoll bouda (D:7)
  5 hounds
  A jelly (D:7)
  3 iguanas
  9 orc wizards
  13 gnolls
  4 adders
  2 shadow imps
  2 white imps (D:7)
  3 ufetubi
  3 dart slugs
  2 worms (D:2)
  34 orcs
  6 endoplasms
  7 goblins
  2 hobgoblins (D:1)
  9 jackals
  3 quokkas
  10 ball pythons
  7 bats
  5 frilled lizards
  14 kobolds
  2 rats
283 creatures vanquished.

Vanquished Creatures (others)
  13 fungi
  14 plants
27 creatures vanquished.

Grand Total: 310 creatures vanquished

Notes
Turn   | Place    | Note
-------+----------+-------------------------------------------
     0 | D:1      | Ijustatesigmund the Gargoyle Fighter began the quest for
                  | the Orb.
     0 | D:1      | Reached XP level 1. HP: 14/14 MP: 1/1
    70 | D:1      | Reached XP level 2. HP: 19/19 MP: 2/2
  1146 | D:1      | Reached skill level 4 in Fighting
  1146 | D:1      | Reached XP level 3. HP: 24/24 MP: 3/3
  1456 | D:2      | Found an ancient bone altar of Kikubaaqudgha.
  1590 | D:2      | Found Weroig's Antique Weapon Emporium.
  1888 | D:2      | You fall into a shaft and drop 2 floors!
  1917 | D:4      | Reached XP level 4. HP: 25/30 MP: 4/4
  2024 | D:4      | Gained mutation: Your mind is acute. (Int +4, Str/Dex -1)
                  | [potion of mutation]
  2024 | D:4      | Gained mutation: You are partially covered in iridescent
                  | scales. (AC +2) [potion of mutation]
  2024 | D:4      | Gained mutation: Your flesh is heat resistant. (rF+)
                  | [potion of mutation]
  2170 | D:3      | Identified the +5 whip "Lywagh" {freeze, rPois Int+6 Dex-2}
  2447 | D:2      | Reached XP level 5. HP: 34/34 MP: 5/5
  2462 | D:2      | Found a faded altar of an unknown god.
  2829 | D:3      | Found a transporter.
  2855 | D:3      | Noticed jehirs's ghost (amateur HOMo)
  2856 | D:3      | Noticed an ogre
  2858 | D:3      | Identified the +11 dire flail "Wuef" {drain, SInv}
  2858 | D:3      | Noticed an ogre
  2859 | D:3      | Identified the ring of Okawaru's Outrage {Ice rPois Int+7
                  | Dex-2 SInv Stlth+}
  2861 | D:3      | Found a transporter.
  2900 | D:3      | Reached skill level 5 in Fighting
  3322 | D:4      | Reached XP level 6. HP: 26/40 MP: 6/6
  3678 | D:5      | Entered Level 5 of the Dungeon
  3678 | D:5      | Noticed Eustachio
  3784 | D:5      | Killed Eustachio
  3785 | D:5      | Reached skill level 6 in Fighting
  3785 | D:5      | Reached XP level 7. HP: 7/46 MP: 7/7
  3808 | D:5      | Reached skill level 5 in Maces & Flails
  4142 | D:5      | Reached skill level 5 in Armour
  4274 | D:5      | Reached XP level 8. HP: 30/52 MP: 8/8
  4563 | D:5      | Found a staircase to the Ecumenical Temple.
  4567 | Temple   | Entered the Ecumenical Temple
  4866 | Temple   | Became a worshipper of the Shining One
  5183 | D:5      | Found a runed translucent gate.
  5183 | D:5      | Noticed Julmuri's ghost (novice GrGl)
  5184 | D:5      | Found a runed translucent gate.
  5184 | D:5      | Found a runed translucent gate.
  5322 | D:5      | Reached skill level 7 in Fighting
  5384 | D:5      | Reached skill level 1 in Invocations
  6206 | D:6      | Found a runed translucent door.
  6272 | D:6      | Noticed Maggie
  6292 | D:6      | Killed Maggie
  6499 | D:6      | Found an ancient bone altar of Kikubaaqudgha.
  6510 | D:6      | Found a bloodstained altar of Trog.
  6515 | D:6      | Found a basalt altar of Yredelemnul.
  6651 | D:6      | Reached XP level 9. HP: 51/59 MP: 11/11
  6943 | D:6      | Noticed Prince Ribbit
  6951 | D:6      | Killed Prince Ribbit
  6952 | D:6      | Reached skill level 8 in Fighting
  6952 | D:6      | Upgraded the game from 0.30-a0-154-gb106f4c828 to
                  | 0.30-a0-162-g2ba88f6271
  7027 | D:6      | Noticed rossy's ghost (novice GnWn)
  7027 | D:6      | Noticed a two-headed ogre
  7543 | D:7      | Reached skill level 1 in Dodging
  7873 | D:7      | Reached * piety under the Shining One
  8033 | D:7      | Reached skill level 5 in Invocations
  8409 | D:7      | Reached skill level 9 in Fighting
  8528 | D:7      | Identified the +4 ring mail of Altruism {Dex+5}
  8626 | D:7      | Reached XP level 10. HP: 59/66 MP: 14/14
  8682 | D:8      | Found an iron altar of Okawaru.
  8943 | D:8      | Reached ** piety under the Shining One
  9341 | D:8      | Found a sparkling altar of Nemelex Xobeh.
  9341 | D:8      | Found a transporter.
  9390 | D:8      | Noticed a centaur warrior
  9518 | D:9      | Found Soafem's Weapon Emporium.
  9520 | D:9      | Noticed a two-headed ogre
  9534 | D:9      | Killed a two-headed ogre
  9694 | D:8      | Reached skill level 5 in Shields
  9724 | D:8      | Reached skill level 10 in Fighting
  9984 | D:9      | Noticed a centaur warrior
  9994 | D:9      | Killed a centaur warrior
  9995 | D:9      | Reached XP level 11. HP: 42/73 MP: 16/16
 10138 | D:9      | Noticed a centaur warrior
 10154 | D:9      | Killed a centaur warrior
 10155 | D:9      | Noticed a cyclops
 10159 | D:9      | Identified the +3 ring mail of the Stone Wall {rElec Dex+5
                  | Stlth-}
 10276 | D:9      | Noticed a centaur warrior
 10282 | D:9      | Killed a centaur warrior
 10346 | D:9      | Noticed a deep elf pyromancer
 10358 | D:9      | Killed a deep elf pyromancer
 10388 | D:9      | Noticed a tengu warrior
 10416 | D:9      | Killed a tengu warrior
 10461 | D:9      | Noticed a deep elf pyromancer
 10461 | D:9      | Noticed a boulder beetle
 10471 | D:9      | Killed a cyclops
 10650 | D:9      | Noticed a two-headed ogre
 10658 | D:9      | Killed a two-headed ogre
 10659 | D:9      | Reached skill level 11 in Fighting
 10698 | D:8      | Killed a boulder beetle
 10793 | D:8      | Killed a deep elf pyromancer
 10969 | D:9      | Reached skill level 10 in Maces & Flails
 11197 | D:9      | Found a staircase to the Orcish Mines.
 11595 | D:10     | Entered Level 10 of the Dungeon
 11636 | D:10     | Reached *** piety under the Shining One
 11684 | D:10     | Reached XP level 12. HP: 80/80 MP: 18/18
 11840 | D:10     | Noticed a two-headed ogre
 12349 | D:10     | Found a staircase to the Lair.
 12452 | D:11     | Identified the +1 ring mail "Vaxupow" {rF+ Will+ Slay+5}
 12542 | D:11     | Noticed a two-headed ogre
 12543 | D:11     | Noticed a boulder beetle
 12578 | D:11     | Killed a boulder beetle
 12579 | D:11     | Reached skill level 12 in Fighting
 12583 | D:11     | Killed a two-headed ogre
 12994 | D:11     | Reached skill level 10 in Invocations
 13523 | D:6      | Killed rossy's ghost
 13530 | D:6      | Killed a two-headed ogre
 14289 | D:12     | Reached **** piety under the Shining One
 14498 | D:12     | Reached XP level 13. HP: 81/87 MP: 19/21
 14648 | D:12     | Annihilated by a titanic slime creature

Illustrated notes

Levels and vault maps discovered:
D:1:      tarquinn_simple_flora_water_c, layout_basic
D:2:      layout_basic, shapermc_ecumenical_altar_starsandcircs, basic_altar,
          serial_shops, nicolae_shop_stone
D:3:      layout_rooms, gammafunk_ghost_smash, chequers_serial_rivers_small_b
D:4:      layout_rooms, serial_rivers, chequers_serial_rivers_micro_c,
          chequers_serial_rivers_small_a, chequers_serial_rivers_large_a,
          chequers_serial_rivers_small_b, kennysheep_generic_room_12
D:5:      kb_forest_paths, layout_basic, gammafunk_ghost_nasty_kobolds,
          uniq_eustachio
D:6:      layout_basic, mainiacjoe_overflow_cross_hatched,
          grunt_temple_overflow_open, ebering_ghost_inner_flame, uniq_maggie,
          uniq_prince_ribbit1
D:7:      layout_basic, minmay_increasing_density
D:8:      layout_rooms, mainiacjoe_overflow_paths, grunt_nemelex_the_gamble
D:9:      layout_cave_pools, david_orc_1_choice, serial_shops, shop,
          minmay_evil_grid
D:10:     layout_cave_pools, grunt_lair_entry_orc_guard_hut
D:11:     layout_rooms, minivault_14
D:12:     layout_loops_cross, serial_bayou, serial_bayou_pond_e,
          serial_bayou_lagoon_a, serial_bayou_ford_a, serial_bayou_pond_c
Temple:   minmay_temple_bridge_d

Skill      XL: |  1  2  3  4  5  6  7  8  9 10 11 12 13 |
---------------+----------------------------------------+-----
Fighting       | 4 5 6 7 9 10 11 12 | 12.8
Maces & Flails | 3 4 5 6 7 9 10 11 | 11.5
Armour         | 4 5 6 7 8 9 |  9.0
Invocations    | 3 5 7 9 10 | 10.8
Dodging        | 2 |  2.4
Shields        | 6 8 |  8.4

Action                   |  1- 3 |  4- 6 |  7- 9 | 10-12 | 13-15 || total
-------------------------+-------+-------+-------+-------+-------++-------
Melee: Flail             |   103 |    33 |       |       |       ||   136
       Whip              |       |   141 |   376 |   803 |    46 ||  1366
Throw: Throwing net      |       |       |       |     1 |       ||     1
Evoke: Wand              |       |       |       |       |     2 ||     2
  Use: Potion            |       |     7 |     1 |     4 |       ||    12
       Scroll            |       |     6 |    10 |     7 |       ||    23
Armor: Scale mail        |    61 |   128 |   160 |    33 |       ||   382
       Skin              |       |    23 |       |       |       ||    23
       Chain mail        |       |       |       |    51 |       ||    51
       Ring mail         |       |       |       |   195 |     7 ||   202
Dodge: Dodged            |    44 |   107 |   113 |   230 |     9 ||   503
Block: Buckler           |    22 |    51 |    91 |   344 |    11 ||   519
       Reflection        |       |       |     4 |     9 |       ||    13

Table legend: (Time is in decaauts)
 A = Elapsed time spent in this place.
 B = Non-inter-level travel time spent in this place.
 C = Inter-level travel time spent in this place.
 D = Time resting spent in this place.
 E = Time spent auto-exploring this place.
 F = Levels seen in this place.
 G = Mean time per level.
                   A        B        C        D        E       F      G
               +--------+--------+--------+--------+--------+-----+--------+
         Total |  14368 |  13688 |    680 |   2520 |   8778 |  13 | 1105.2 |
       Dungeon |  13997 |  13464 |    533 |   2520 |   8565 |  12 | 1166.4 |
        Temple |    370 |    224 |    146 |      0 |    213 |   1 |  370.0 |
               +--------+--------+--------+--------+--------+-----+--------+

Top non-repeatable levels by time:
     D:5: 1879 daAuts
     D:9: 1677 daAuts
     D:1: 1477 daAuts
    D:11: 1440 daAuts
     D:7: 1417 daAuts
     D:8: 1242 daAuts
     D:4: 1144 daAuts
     D:6: 1121 daAuts
    D:10: 1005 daAuts
     D:2: 884 daAuts
     D:3: 487 daAuts
  Temple: 370 daAuts
    D:12: 219 daAuts
